 Dungeon Crawl Stone Soup version 0.21-a0-552-g593960d (webtiles) character file.

501 stormannn the Changer (level 7, -2/43 HPs)
             Began as an Octopode Transmuter on Dec 17, 2017.
             Slain by a two-headed ogre
             ... wielding a +0 giant spiked club
              (13 damage)
             ... on level 5 of the Dungeon.
             The game lasted 00:17:52 (6156 turns).

stormannn the Changer (Octopode Transmuter)         Turns: 6156, Time: 00:17:53

Health: -2/43      AC:  1    Str: 10    XL:     7   Next: 17%
Magic:  12/13      EV: 14    Int: 16    God:
Gold:   172        SH:  0    Dex: 18    Spells: 4/14 levels left

rFire    . . .     SeeInvis .     - Unarmed
rCold    . . .     Gourm    .   (no shield)
rNeg     . . .     Faith    .   (helmet restricted)
rPois    .         Spirit   .   f - amulet of magic regeneration
rElec    .         Reflect  .   w - +5 ring of dexterity
rCorr    .         Harm     .   (no ring)
MR       .....                  (no ring)
Stlth    +++.......             (no ring)
HPRegen  0.14/turn              (no ring)
MPRegen  0.38/turn              (no ring)
                                (no ring)
                                (no ring)

@: confusing touch
A: almost no armour, stealthy swim, amphibious, 8 rings, constrict 8, camouflage
1, gelatinous body 1
a: no special abilities


You were on level 5 of the Dungeon.
You were hungry.

You visited 1 branch of the dungeon, and saw 5 of its levels.
You also visited: Ossuary.

You collected 172 gold pieces.

Inventory:

Hand Weapons
 z - the +0 war axe of Symmetry {venom, rPois}
   (You found it on level 4 of the Dungeon)

   It poisons the flesh of those it strikes.
   It protects you from poison.
Missiles
 a - 37 arrows
Jewellery
 f - an amulet of magic regeneration (around mantle)
 w - a +5 ring of dexterity (left tentacle)
 B - an uncursed ring of positive energy {unknown}
Scrolls
 e - 3 scrolls of remove curse
 h - 2 scrolls of enchant weapon {unknown}
 m - 2 scrolls of identify {unknown}
 o - 2 scrolls of fear {unknown}
 p - 2 scrolls of teleportation
 q - a scroll of immolation
 t - a scroll of amnesia {unknown}
 y - a scroll of enchant armour
Potions
 d - a potion of invisibility {unknown}
 i - 3 potions of curing {unknown}
 k - 2 potions of mutation {unknown}
 l - a potion of degeneration {unknown}
 n - a potion of ambrosia {unknown}
 r - a potion of brilliance {unknown}
 s - a potion of flight {unknown}
 u - a potion of lignification {unknown}
 x - a potion of agility {unknown}
 A - a potion of cancellation {unknown}
Books
 b - a book of Changes

   Spells                             Type                      Level
   a - Beastly Appendage              Transmutation                1
   b - Sticks to Snakes               Transmutation                2
   c - Spider Form                    Transmutation/Poison         3
   d - Ice Form                       Ice/Transmutation            4
   e - Blade Hands                    Transmutation                5
 v - a book of Cantrips

   Spells                             Type                      Level
   a - Confusing Touch                Hexes                        1
   b - Animate Skeleton               Necromancy                   1
   c - Summon Small Mammal            Summoning                    1
   d - Apportation                    Translocation                1
Comestibles
 c - 3 bread rations
 g - 2 fruits
 j - 4 meat rations


   Skills:
 - Level 1.0 Fighting
 - Level 2.0 Dodging
 - Level 3.0 Unarmed Combat
 + Level 4.0 Spellcasting
 - Level 2.1 Hexes
 - Level 6.0 Transmutations


You had 4 spell levels left.
You knew the following spells:

 Your Spells              Type           Power        Failure   Level  Hunger
a - Beastly Appendage     Tmut           ###...       1%          1    None
b - Blade Hands           Tmut           ###.......   36%         5    ######.
c - Spider Form           Tmut/Pois      ##........   14%         3    ###....
d - Confusing Touch       Hex            ##....       7%          1    None


Dungeon Overview and Level Annotations

Branches:
Dungeon (5/15)
 Temple: D:4-7

Altars:


Innate Abilities, Weirdness & Mutations

You cannot wear most types of armour.
You are very stealthy in the water. (Stealth+)
You are amphibious.
You can wear up to eight rings at the same time.
You can use your tentacles to constrict eight enemies at once.
Your skin changes colour to match your surroundings (Stealth+).
Your rubbery body absorbs attacks. (AC +1, EV +1)


Message History

The jelly quivers.
The shadow imp gestures at you. Pain shoots through your body!
Casting: Beastly Appendage
Confirm with . or Enter, or press ? or * to list all spells.
Your tentacle spike disappears.
You turn into a venomous arachnid creature.
The shadow imp gestures at you. Pain shoots through your body!
The shadow imp gestures at you. Pain shoots through your body!
* * * LOW HITPOINT WARNING * * *
Your transformation is almost over.
Your transformation has ended.
There is a stone staircase leading up here.
Casting: Spider Form
Confirm with . or Enter, or press ? or * to list all spells.
Your tentacles begin to glow red.
The two-headed ogre barely misses you.
The two-headed ogre hits you with a giant club!
You die...

.................................
....####.#.......................
.............................<###
...........##.##..###.#######.#
...###.##.###.##..# #.# #.#
..............##..###.## #.#
.......##.###.##........ ..#
....[............####.## ..#
.#.###.........O@.....# ..#
...........#.J#..####... ....
##.######..#..#..# #.##
#.....#..# ##..# #....J#..###
##..#####...5.......
##..................
'.............#..###
#.....##...#..#..###


You could see a two-headed ogre and a jelly.

Vanquished Creatures
  The ghost of Spectrina the Ruffian, an amateur DrTm (D:4)
  A hound (D:4)
  Crazy Yiuf (D:3)
  Natasha (thrice) (D:2)
  5 adders
  11 gnolls
  2 oozes
  An adder skeleton (D:4)
  2 dart slugs
  6 leopard geckos
  5 orcs
  4 bats
  6 giant cockroaches
  9 goblins
  4 hobgoblins
  16 jackals
  7 kobolds
  2 quokkas (D:2)
  3 ball pythons
  7 frilled lizards
  9 hobgoblin zombies (Ossuary)
  A jackal zombie (Ossuary)
  5 kobold zombies (Ossuary)
  6 orc zombies (Ossuary)
  12 rats
  2 rat zombies (Ossuary)
131 creatures vanquished.

Notes
Turn   | Place    | Note
-------+----------+-------------------------------------------
     0 | D:1      | stormannn the Octopode Transmuter began the quest for the Orb.
     0 | D:1      | Reached XP level 1. HP: 13/13 MP: 3/3
    76 | D:1      | Reached XP level 2. HP: 13/18 MP: 5/5
   329 | D:1      | Reached skill level 3 in Transmutations
   509 | D:1      | Reached XP level 3. HP: 15/23 MP: 4/6
  1571 | D:2      | Reached skill level 4 in Transmutations
  1708 | D:2      | Reached XP level 4. HP: 20/28 MP: 5/7
  2508 | D:2      | Reached XP level 5. HP: 33/33 MP: 8/8
  2532 | D:2      | Learned a level 5 spell: Blade Hands
  2552 | D:2      | Learned a level 3 spell: Spider Form
  2660 | D:2      | Noticed Natasha
  2674 | D:2      | Killed Natasha
  3009 | D:2      | Noticed Natasha
  3019 | D:2      | Killed Natasha
  3019 | D:2      | Reached skill level 5 in Transmutations
  3192 | D:2      | Noticed Natasha
  3199 | D:2      | Killed Natasha
  3430 | D:3      | Reached XP level 6. HP: 27/38 MP: 10/10
  3618 | D:3      | Learned a level 1 spell: Confusing Touch
  4312 | D:3      | Found a runed door.
  4549 | D:3      | Noticed Crazy Yiuf
  4559 | D:3      | Killed Crazy Yiuf
  4640 | D:4      | Reached skill level 6 in Transmutations
  4764 | D:4      | Noticed Spectrina's ghost (amateur DrTm)
  4838 | D:4      | Reached skill level 1 in Hexes
  4900 | D:4      | Found a sand-covered staircase.
  4910 | Ossuary  | Entered an ossuary
  5163 | D:5      | Entered Level 5 of the Dungeon
  5563 | D:4      | Got a smoking war axe
  5564 | D:4      | Identified the cursed +0 war axe of Symmetry {venom, rPois} (You found it on level 4 of the Dungeon)
  5661 | D:4      | Killed Spectrina's ghost
  5661 | D:4      | Reached XP level 7. HP: 10/43 MP: 8/13
  6123 | D:5      | Noticed a two-headed ogre
  6156 | D:5      | Slain by a two-headed ogre

Vault maps used:
D:1:      dpeg_arrival_stone_temple_mockup
D:2:      uniq_natasha
D:3:      nrook_mini_vaults, grunt_decor_cap, uniq_crazy_yiuf_cottage
D:4:      nicolae_ossuary_entry_monument
D:5:      first_bread
Ossuary:  ossuary_tomb_1

Skill      XL: |  1  2  3  4  5  6 |
---------------+-------------------+-----
Transmutations | 3 4 5 6 |  6.0
Spellcasting   | 3 4 |  4.0
Hexes          | 2 |  2.1
Fighting       | |  1.0
Dodging        | |  2.0
Unarmed Combat | |  3.0

Action                   |  1- 3 |  4- 6 |  7- 9 || total
-------------------------+-------+-------+-------++-------
Melee: Unarmed           |    99 |   244 |       ||   343
       Constrict         |    27 |    38 |       ||    65
       Kick              |    12 |    32 |       ||    44
       Tentacles         |    11 |    14 |       ||    25
       Punch             |     2 |     5 |       ||     7
 Cast: Beastly Appendage |    23 |    24 |     1 ||    48
       Spider Form       |       |    20 |     1 ||    21
       Confusing Touch   |       |     5 |     1 ||     6
  Use: Scroll            |       |     4 |       ||     4
 Stab: Sleeping          |       |     7 |       ||     7
       Confused          |       |     2 |       ||     2
  Eat: Fruit             |     2 |       |       ||     2
       Chunk             |     1 |    15 |     1 ||    17
Armor: Skin              |     5 |    16 |       ||    21
Dodge: Dodged            |    50 |   191 |     1 ||   242

Table legend:
 A = Spawn XP
 B = Non-spawn XP
 C = Spawn XP percentage of total XP
 D = Spawn monster count
 E = Non-spawn monster count
 F = Spawn count percentage of total count
 G = Total turns spent on level
                    A         B        C        D         E        F      G
               +---------+---------+-------+---------+---------+-------+---------
         Total |       0 |     717 |   0.0 |       0 |     131 |   0.0 |  6156
               +---------+---------+-------+---------+---------+-------+---------
           D:1 |       0 |      67 |   0.0 |       0 |      34 |   0.0 |  1559
           D:2 |       0 |     228 |   0.0 |       0 |      35 |   0.0 |  1753
           D:3 |       0 |     158 |   0.0 |       0 |      21 |   0.0 |  1294
           D:4 |       0 |     241 |   0.0 |       0 |      18 |   0.0 |  1019
       Ossuary |       0 |      23 |   0.0 |       0 |      23 |   0.0 |   194
               +---------+---------+-------+---------+---------+-------+---------
